 Dungeon Crawl Stone Soup version 0.29-a0-553-g81b289dbe5 (console) character file.

Game seed: 14032918696162492083

6661 feyra the Cleaver (level 10, 0/79 HPs)
             Began as a Mummy Wanderer on June 6, 2022.
             Was an Initiate of Gozag.
             Slain by a killer bee (11 damage)
             ... on level 9 of the Dungeon.
             The game lasted 00:25:13 (13385 turns).

feyra the Cleaver (Mummy Wanderer)                 Turns: 13385, Time: 00:25:13

Health: 0/79       AC: 12    Str: 18    XL:     10   Next: 73%
Magic:  10/10      EV:  7    Int: 11    God:    Gozag
Gold:   1113       SH:  6    Dex: 20    Spells: 9/9 levels left

rFire   . . .      SeeInvis .   r - +0 broad axe
rCold   . . .      Faith    .   v - +0 buckler
rNeg    + + +      Spirit   .   q - +0 chain mail
rPois   ∞          Reflect  .   t - +0 helmet
rElec   .          Harm     .   A - +2 cloak
rCorr   .          Rampage  .   (no gloves)
Will    +....                   (no boots)
Stlth   ..........              (no amulet)
HPRegen 0.23/turn               i - +6 ring of dexterity
MPRegen 0.12/turn               l - ring of fire

@: about to teleport
A: cold resistance 1, negative energy resistance 3, torment resistance 2, heat
vulnerability 1, in touch with death 1, no potions
a: Renounce Religion, Potion Petition, Call Merchant, Bribe Branch


You were on level 9 of the Dungeon.
You worshipped Gozag.
Gozag was most pleased with you.
You visited 2 branches of the dungeon, and saw 11 of its levels.
You also visited: Ossuary.

You collected 1171 gold pieces.
You paid 58 gold pieces to Gozag.

Inventory:

Hand Weapons
 r - a +0 broad axe (weapon)
 B - a +0 war axe of flaming
Missiles
 b - 2 throwing nets
 j - 13 poisoned darts
 u - 7 curare-tipped darts (quivered)
Armour
 q - a +0 chain mail (worn)
 t - a +0 helmet (worn)
 v - a +0 buckler (worn)
 A - a +2 cloak (worn)
Jewellery
 i - a +6 ring of dexterity (left hand)
 l - a ring of fire (right hand)
 y - a ring of flight
Wands
 d - a wand of polymorph (4)
 m - a wand of mindburst (28)
 o - a wand of digging (7)
 z - a wand of paralysis (5)
Scrolls
 a - a scroll of magic mapping
 c - 2 scrolls of summoning
 e - a scroll of teleportation
 f - a scroll of enchant weapon {unknown}
 g - 2 scrolls of vulnerability
 h - a scroll of fog
 k - 2 scrolls of fear
 n - 3 scrolls of immolation
 p - a scroll of blinking
 s - a scroll of amnesia
 w - 4 scrolls of identify
 x - 3 scrolls of enchant armour


   Skills:
 + Level 7.0 Fighting
 + Level 9.0 Axes
 - Level 6.0 Throwing
 - Level 1.0 Armour
 - Level 2.4 Dodging
 - Level 1.5 Stealth
 - Level 5.0 Shields
 - Level 4.0 Evocations


You had 9 spell levels left.
You didn't know any spells.
Your spell library contained the following spells:

 Spells                   Type           Power      Damage    Failure   Level
 Sting                    Tmut/Pois      0%         1d3       100%        1
 Ensorcelled Hibernation  Hex/Ice        0%         N/A       100%        2
 Static Discharge         Conj/Air       0%         N/A       100%        2
 Frozen Ramparts          Ice            0%         1d2       100%        3
 Anguish                  Hex/Necr       0%         N/A       100%        4
 Animate Armour           Summ/Erth      0%         N/A       100%        4
 Petrify                  Tmut/Erth      0%         N/A       100%        4
 Summon Ice Beast         Ice/Summ       0%         N/A       100%        4
 Lightning Bolt           Conj/Air       0%         1d11      100%        5
 Metabolic Englaciation   Hex/Ice        0%         N/A       100%        5
 Iron Shot                Conj/Erth      0%         9d1       100%        6
 Maxwell's Capacitive Co  Air            0%         ∞         100%        8
 Spider Form              Tmut/Pois      Unusable   N/A       N/A         3
 Ice Form                 Ice/Tmut       Unusable   N/A       N/A         4
 Blade Hands              Tmut           Unusable   N/A       N/A         5
 Statue Form              Tmut/Erth      Unusable   N/A       N/A         6

Dungeon Overview and Level Annotations

Branches:
Dungeon (10/15)            Temple (1/1) D:4         Ossuary (visited)
   Lair: D:8-11         Orc: D:9-12

Altars:
Ashenzari
Cheibriados
Elyvilon
Fedhas
Gozag
Hepliaklqana
Kikubaaqudgha
Makhleb
Nemelex Xobeh
Okawaru
Qazlal
Ru
Sif Muna
Uskayaw
Vehumet
Wu Jian
Xom
Yredelemnul
Zin
The Shining One
Jiyva

Annotations:
D:7 3 runed translucent doors, Phlounder's ghost, novice DjCj


Innate Abilities, Weirdness & Mutations

You are immune to poison.
Your flesh is cold resistant. (rC+)
You are immune to negative energy. (rN+++)
You are immune to unholy pain and torment.
You are vulnerable to heat. (rF-)
You are in touch with the powers of death.
You do not drink.


Message History

The vampire mosquito bites you.
* * * LOW HITPOINT WARNING * * *
The vampire mosquito bites you but does no damage.
You slash the vampire mosquito!
The vampire mosquito is severely damaged.
The vampire mosquito bites you.
* * * LOW HITPOINT WARNING * * *
You block the vampire mosquito's attack.
You slash the vampire mosquito!
You destroy the vampire mosquito!
The orc nearly stumbles in trying to escape.
Your Fighting skill increases to level 7!
Your Axes skill increases to level 9!
You now have 1113 gold pieces (gained 6).
You see here a +0 flail.
Things that are here:
4 stones; a +0 short sword
There is an open door here.
You close the door.
There is an open door here.
You close the door.
A killer bee comes into view.
The killer bee buzzes angrily.
You hear an angry buzzing noise. x5
A killer bee comes into view.
A killer bee and a queen bee come into view.
Found 10 gold pieces.
The killer bee buzzes angrily. x2; The queen bee buzzes angrily.
You hear an angry buzzing noise. x4
The queen bee calls on the killer bee to defend it!
The killer bee goes berserk!
As you read the scroll of teleportation, it crumbles to dust.
You feel strangely unstable. The killer bee barely misses you.
A killer bee comes into view.
The killer bee stings you but does no damage.
You hear an angry buzzing noise. x2
The killer bee stings you!
* * * LOW HITPOINT WARNING * * *
The killer bee stings you!
You die...
Your body crumbles into a pile of gold.

#$..... #......# #
#......# ..
#......#####...
#..............
#..............
#......y.y.....
#......y...yy..
#.....@#####...
#......#...###########
#......+..............
#......#...##.........
#......#...###+########
#......#...#...........
#......#...#.....[([...
#......###'#......>[...
#..........h.....(.)...


You could see a queen bee and 4 killer bees.

Vanquished Creatures
  2 two-headed ogres
  2 kobold demonologists (D:9)
  A troll (D:8)
  A hornet (D:7)
  Prince Ribbit (D:5)
  A shadow (D:5)
  A wraith (D:9)
  Eustachio (D:5)
  A human (D:9)
  Grum (D:8)
  2 vampire mosquitoes (D:9)
  2 water moccasins (D:5)
  2 orc warriors
  An ice beast (D:7)
  An ogre (D:5)
  4 wolves (D:8)
  3 centaurs (D:8)
  3 kobold brigands
  5 bullfrogs
  A necrophage (D:5)
  2 scorpions
  3 wights
  A killer bee (D:7)
  4 howler monkeys
  4 centaur zombies (Ossuary)
  4 jellies (D:9)
  A gnoll shaman (D:4)
  3 orc priests
  Crazy Yiuf (D:7)
  5 hounds
  2 orc wizards (D:9)
  A hound skeleton (D:2)
  2 mummies (Ossuary)
  A gnoll (D:4)
  3 adders
  A shadow imp (D:7)
  A white imp (D:7)
  3 ufetubi
  2 adder zombies (Ossuary)
  An adder skeleton (D:2)
  2 worms
  A dart slug (D:2)
  16 orcs
  A bat skeleton (D:2)
  6 endoplasms
  2 giant cockroaches
  2 goblins (D:3)
  10 hobgoblins
  6 jackals (D:1)
  23 kobolds
  6 quokkas
  9 ball pythons
  6 bats
  4 frilled lizards
  A goblin zombie (Ossuary)
  12 hobgoblin zombies (Ossuary)
  2 jackal zombies (Ossuary)
  6 kobold zombies (Ossuary)
  8 orc zombies (Ossuary)
  2 quokka skeletons (D:2)
  4 rats
  2 rat zombies (Ossuary)
212 creatures vanquished.

Vanquished Creatures (collateral kills)
  Maggie (D:7)
  A gnoll sergeant (D:7)
  A gnoll (D:5)
3 creatures vanquished.

Vanquished Creatures (others)
  4 fungi
  A plant (D:1)
5 creatures vanquished.

Grand Total: 220 creatures vanquished

Notes
Turn   | Place    | Note
-------+----------+-------------------------------------------
     0 | D:1      | feyra the Mummy Wanderer began the quest for the Orb.
     0 | D:1      | feyra set off with the following items: a +0 hand axe, 3
                  | throwing nets, a +0 leather armour, a wand of polymorph
                  | (5), a scroll of teleportation
     0 | D:1      | Reached XP level 1. HP: 13/13 MP: 1/1
   372 | D:1      | Reached XP level 2. HP: 19/19 MP: 2/2
  1061 | D:1      | Found a faded altar of an unknown god.
  1072 | D:1      | Got Plato's Disquisition on Toxins
  1142 | D:1      | Gained mutation: You are in touch with the powers of death.
                  | [Mummy growth]
  1142 | D:1      | Reached XP level 3. HP: 20/24 MP: 3/3
  1345 | D:2      | Reached skill level 2 in Axes
  2051 | D:2      | Reached XP level 4. HP: 26/30 MP: 4/4
  3247 | D:3      | Reached XP level 5. HP: 29/35 MP: 5/5
  3294 | D:3      | Found an ancient bone altar of Kikubaaqudgha.
  3440 | D:3      | Upgraded the game from 0.29-a0-551-gffc1d7fb78 to
                  | 0.29-a0-553-g81b289dbe5
  4126 | D:4      | Reached skill level 3 in Axes
  4476 | D:4      | Found a staircase to the Ecumenical Temple.
  4669 | D:4      | Reached XP level 6. HP: 41/41 MP: 6/6
  4982 | D:5      | Entered Level 5 of the Dungeon
  5061 | D:5      | Noticed Eustachio
  5126 | D:5      | Killed Eustachio
  5127 | D:5      | Reached XP level 7. HP: 42/46 MP: 7/7
  6066 | D:5      | Reached skill level 4 in Axes
  6211 | D:5      | Noticed Prince Ribbit
  6223 | D:5      | Killed Prince Ribbit
  6224 | D:5      | Reached skill level 1 in Shields
  6711 | D:5      | You fall into a shaft and drop 1 floor!
  6831 | D:6      | Reached XP level 8. HP: 52/52 MP: 8/8
  6852 | D:6      | Noticed a two-headed ogre
  6892 | D:6      | Killed a two-headed ogre
  6893 | D:6      | Reached skill level 5 in Axes
  6893 | D:6      | Reached skill level 5 in Throwing
  6957 | D:6      | Found a shimmering blue altar of Sif Muna.
  7176 | Temple   | Entered the Ecumenical Temple
  7229 | Temple   | Became a worshipper of Gozag Ym Sagoz the Greedy
  8082 | D:6      | Reached XP level 9. HP: 51/57 MP: 9/9
  8415 | D:6      | Found a burning altar of Makhleb.
  8452 | D:6      | Found a blossoming altar of Fedhas.
  8627 | D:7      | Reached skill level 6 in Axes
  9033 | D:7      | Noticed Maggie
  9049 | D:7      | Killed Maggie
  9549 | D:7      | Found a runed translucent door.
  9550 | D:7      | Noticed Crazy Yiuf
  9578 | D:7      | Found a runed translucent gate.
  9578 | D:7      | Found a runed translucent gate.
  9578 | D:7      | Found a runed translucent gate.
  9579 | D:7      | Noticed Phlounder's ghost (novice DjCj)
  9623 | D:7      | Reached skill level 1 in Fighting
  9701 | D:7      | Found a snail-covered altar of Cheibriados.
  9804 | D:7      | Killed Crazy Yiuf
  9805 | D:7      | Reached skill level 5 in Shields
  9944 | D:8      | Reached skill level 7 in Axes
 10080 | D:8      | Found a sand-covered staircase.
 10085 | Ossuary  | Entered an ossuary
 10505 | D:8      | Noticed Grum
 10528 | D:8      | Killed Grum
 10703 | D:8      | Reached XP level 10. HP: 43/71 MP: 10/10
 10884 | D:8      | Found a stormy altar of Qazlal.
 11250 | D:8      | Found a hide-covered altar of Uskayaw.
 11824 | D:9      | Reached skill level 5 in Fighting
 11824 | D:9      | Reached skill level 8 in Axes
 12242 | D:9      | Noticed a two-headed ogre
 12297 | D:9      | Killed a two-headed ogre
 12393 | D:9      | Found a viscous altar of Jiyva.
 12623 | D:9      | Noticed a wizard
 12724 | D:10     | Entered Level 10 of the Dungeon
 12985 | D:9      | Noticed an orange demon
 12986 | D:9      | Noticed a soul eater
 13080 | D:10     | Noticed a rust devil
 13363 | D:9      | Reached skill level 9 in Axes
 13385 | D:9      | Slain by a killer bee

Illustrated notes

Levels and vault maps discovered:
D:1:      minmay_arrival_split_and_join, layout_basic,
          shapermc_ecumenical_altar_rom_forum
D:2:      layout_loops_ring, serial_undead, serial_undead_a, serial_undead_e,
          serial_undead_e, serial_undead_f, serial_undead_c, serial_undead_c,
          minmay_pentomino_p4
D:3:      layout_basic, kiku_gazebo_garden_becter,
          chequers_serial_rivers_large_a
D:4:      layout_basic, minmay_temple_entry_proselytizer
D:5:      layout_basic, uniq_eustachio, uniq_prince_ribbit1
D:6:      layout_loops_cross, mainiacjoe_overflow_alcove_1, lemuel_doored_altar,
          overflow_temple_1_default, minmay_strange_pillars, minmay_small_thing
D:7:      layout_gridville, cheibrodos_worm_habitat, ebering_ghost_rock_garden,
          kennysheep_generic_room_9, uniq_maggie, uniq_crazy_yiuf_cottage
D:8:      cheibrodos_quashed, layout_rooms, nicolae_overflow_hidden_temple,
          nicolae_qazlal_scattered_showers, enter_ossuary_5, uniq_grum
D:9:      layout_gridville, special_room [special_room_bee], grunt_ministairs_1,
          jiyva_altar_1
D:10:     layout_irregular_city, mainiacjoe_overflow_paths, erik_orc_4,
          hangedman_decor_points
Temple:   eino_temple_water

Skill      XL: |  1  2  3  4  5  6  7  8  9 10 |
---------------+-------------------------------+-----
Axes           | 2 3 4 5 7 9 |  9.0
Throwing       | 2 3 4 5 6 |  6.0
Evocations     | 2 3 4 |  4.0
Shields        | 1 3 5 |  5.0
Fighting       | 4 7 |  7.0
Armour         | |  1.0
Dodging        | |  2.4
Stealth        | |  1.5

Action                   |  1- 3 |  4- 6 |  7- 9 | 10-12 || total
-------------------------+-------+-------+-------+-------++-------
Melee: Hand axe          |    19 |   134 |       |       ||   153
       Short sword       |    89 |     8 |       |       ||    97
       Broad axe         |       |    43 |   263 |   166 ||   472
       Punch             |       |       |     1 |       ||     1
Throw: Dart              |     2 |     5 |    26 |    24 ||    57
       Throwing net      |     1 |     1 |     1 |       ||     3
Evoke: Wand              |       |       |    11 |     1 ||    12
  Use: Scroll            |     2 |     4 |     8 |     3 ||    17
 Stab: Sleeping          |     1 |     2 |       |       ||     3
       Held in net/web   |       |       |     1 |       ||     1
       Distracted        |       |       |     1 |     1 ||     2
       Paralysed         |       |       |       |     1 ||     1
Armor: Leather armour    |    51 |    22 |       |       ||    73
       Ring mail         |       |    25 |       |       ||    25
       Chain mail        |       |    52 |   201 |   107 ||   360
Dodge: Dodged            |   110 |   136 |   126 |    71 ||   443
Block: Buckler           |       |       |    81 |    69 ||   150

Table legend: (Time is in decaauts)
 A = Elapsed time spent in this place.
 B = Non-inter-level travel time spent in this place.
 C = Inter-level travel time spent in this place.
 D = Time resting spent in this place.
 E = Time spent auto-exploring this place.
 F = Levels seen in this place.
 G = Mean time per level.
                   A        B        C        D        E       F      G
               +--------+--------+--------+--------+--------+-----+--------+
         Total |  13592 |  12811 |    781 |   5091 |   4778 |  12 | 1132.7 |
       Dungeon |  13173 |  12406 |    767 |   5065 |   4606 |  10 | 1317.3 |
        Temple |     64 |     51 |     13 |      0 |     41 |   1 |   64.0 |
       Ossuary |    354 |    354 |      0 |     26 |    131 |   1 |  354.0 |
               +--------+--------+--------+--------+--------+-----+--------+

Top non-repeatable levels by time:
     D:5: 2220 daAuts
     D:1: 1884 daAuts
     D:8: 1636 daAuts
     D:9: 1558 daAuts
     D:4: 1548 daAuts
     D:7: 1341 daAuts
     D:3: 1180 daAuts
     D:2: 892 daAuts
     D:6: 884 daAuts
 Ossuary: 354 daAuts
  Temple: 64 daAuts
    D:10: 25 daAuts
